 Dungeon Crawl Stone Soup version 0.29.1-15-g9cfb28693d (webtiles) character file.

Game seed: 13312352284561846476

74 DemonSlayer the Digger (level 4, -1/30 HPs)
             Began as a Demonspawn Earth Elementalist on Apr 13, 2023.
             Killed by divine providence
             ... invoked by an orc priest
              (13 damage)
             ... on level 3 of the Dungeon.
             The game lasted 00:04:47 (1757 turns).

DemonSlayer the Digger (DsEE)                       Turns: 1757, Time: 00:04:47

Health: -1/30      AC:  4    Str:  9    XL:     4   Next: 10%
Magic:  6/8        EV: 12    Int: 18    God:
Gold:   151        SH:  0    Dex: 17    Spells: 3/9 levels left

rFire   . . .      SeeInvis .   n - +4 flail (vorpal)
rCold   . . .      Faith    .   (no shield)
rNeg    . . .      Spirit   .   p - +0 leather armour
rPois   .          Reflect  .   (no helmet)
rElec   .          Harm     .   (no cloak)
rCorr   .          Rampage  .   i - +0 pair of gloves
Will    .....                   (no boots)
Stlth   ++++......              (no amulet)
HPRegen 0.10/turn               (no ring)
MPRegen 0.11/turn               (no ring)

@: no status effects
A: thin skeletal structure 2
a: no special abilities


You were on level 3 of the Dungeon.
You visited 1 branch of the dungeon, and saw 3 of its levels.

You collected 151 gold pieces.

Inventory:

Hand Weapons
 c - a +1 spear of venom
 k - a +0 trident of protection
 n - a +4 vorpal flail (weapon)
Armour
 i - a +0 pair of gloves (worn)
 p - a +0 leather armour (worn)
Wands
 q - a wand of roots (1)
Scrolls
 d - a scroll of teleportation {unknown}
 e - a scroll of fog {unknown}
 f - a scroll of magic mapping {unknown}
 g - a scroll of immolation
 j - a scroll of noise {unknown}
 m - a scroll of silence {unknown}
 o - a scroll of poison {unknown}
Potions
 a - a potion of attraction {unknown}
 b - a potion of heal wounds {unknown}
 h - 3 potions of curing
 l - a potion of cancellation


   Skills:
 + Level 0.1 Maces & Flails
 + Level 2.0 Dodging
 + Level 2.1 Stealth
 + Level 3.0 Spellcasting
 + Level 0.8 Transmutations
 + Level 3.6 Earth Magic


You had 3 spell levels left.
You knew the following spells:

 Your Spells              Type           Power      Damage    Failure   Level
a - Sandblast             Erth           30%        2d9       5%          1
b - Passwall              Tmut/Erth      8%         N/A       14%         2
c - Stone Arrow           Conj/Erth      18%        3d8       32%         3

Your spell library contained the following spells:

 Spells                   Type           Power      Damage    Failure   Level
 Apportation              Tloc           4%         N/A       22%         1
 Necrotise                Necr           8%         1d4       22%         1
 Summon Small Mammal      Summ           8%         N/A       22%         1
 Ensorcelled Hibernation  Hex/Ice        4%         N/A       34%         2
 Spider Form              Tmut/Pois      4%         N/A       50%         3
 Petrify                  Tmut/Erth      10%        N/A       67%         4
 Anguish                  Hex/Necr       1%         N/A       92%         4
 Malign Gateway           Summ/Tloc      1%         N/A       100%        7
 Summon Horrible Things   Summ           1%         N/A       100%        8


Dungeon Overview and Level Annotations

Branches:
Dungeon (3/15)

Altars:


Innate Abilities, Weirdness & Mutations

You have a moderately thin skeletal structure. (Dex +4, Stealth++)


Message History

An orc priest comes into view. It is wielding a +0 mace.
An orc priest is nearby!
An orc priest is nearby!
An orc priest is nearby!
An orc priest is nearby!
An orc priest is nearby! 2 orcs come into view.
The blast of sand hits the orc priest but does no damage.
The orc priest shouts!
The orc shouts!
An orc priest comes into view. It is wielding a +0 hand axe.
The orc hits you from afar with a +0 trident.
The orc priest begins to cast a cantrip, but forgets the words!
The orc shouts!
The blast of sand misses the orc priest.
The orc priest hits you with a +0 mace.
The orc hits you from afar with a +0 trident.
The orc priest calls down the wrath of Beogh upon you.
Beogh smites you!
Ouch! That really hurt!
* * * LOW HITPOINT WARNING * * *
The orc barely misses you. The orc priest hits you with a +0 mace.
* * * LOW HITPOINT WARNING * * *
Okay, then.
You feel better. The orc closely misses you.
The orc priest hits you with a +0 mace.
Casting: Sandblast (safe; 5% risk of failure)
Confirm with . or Enter, or press ? or * to list all spells.
Aiming: Sandblast (safe; 5% risk of failure)
Press: ? - help, Shift-Dir - straight line, f/p - orc priest
Aim: an orc priest, wielding a +0 mace and wearing a +0 ring mail (84% to hit)
The blast of sand hits the orc priest but does no damage.
The orc priest hits you with a +0 mace.
An orc comes into view. It is wielding a +0 club.
Unknown command.
The orc priest casts a cantrip, but nothing happens.
The orc priest begins to cast a cantrip, but forgets the words!
There is an escape hatch in the floor here.
The orc priest mumbles some strange prayers to Beogh against you.
Beogh smites you!
You die...

. .. ... #### J
....####.?##### #########.##
#.....o......# #.#<........
####..###.o.o.)###(#...[.#..
...........o...........$.....
#####....####o.......###$#..#
####.# #..@..(..# .... ###
##...†...# .# #.......# #
#.......# #.......# #.......#
#.......# #.........
#.......##..


You could see 2 orc priests and 3 orcs.

Vanquished Creatures
  A gnoll (D:1)
  An adder (D:3)
  3 dart slugs
  2 ball pythons (D:1)
  7 bats
  4 endoplasms
  3 giant cockroaches
  5 goblins
  4 hobgoblins
  4 jackals (D:1)
  2 kobolds
  A quokka (D:3)
  2 frilled lizards
  7 rats
46 creatures vanquished.

Vanquished Creatures (others)
  A fungus (D:3)
1 creature vanquished.

Grand Total: 47 creatures vanquished

Notes
Turn   | Place    | Note
-------+----------+-------------------------------------------
     0 | D:1      | DemonSlayer the Demonspawn Earth Elementalist began the
                  | quest for the Orb.
     0 | D:1      | Reached XP level 1. HP: 13/13 MP: 3/3
    88 | D:1      | Gained mutation: You have a somewhat thin skeletal
                  | structure. (Dex +2, Stealth+) [demonic ancestry]
    88 | D:1      | Reached XP level 2. HP: 19/19 MP: 0/5
   508 | D:1      | Gained mutation: You have a moderately thin skeletal
                  | structure. (Dex +4, Stealth++) [demonic ancestry]
   508 | D:1      | Reached XP level 3. HP: 24/24 MP: 3/6
   535 | D:1      | Found a faded altar of an unknown god.
  1015 | D:1      | Learned a level 2 spell: Passwall
  1019 | D:1      | Learned a level 3 spell: Stone Arrow
  1700 | D:3      | Reached XP level 4. HP: 30/30 MP: 5/8
  1757 | D:3      | Killed from afar by an orc priest

Illustrated notes

Levels and vault maps discovered:
D:1:      grunt_arrival_lava_bath, layout_basic,
          hellmonk_ecumenical_altar_blasted
D:2:      layout_rooms
D:3:      layout_basic, grunt_temple_overflow_forces_of_nature,
          grunt_temple_overflow_magic_moments, nicolae_overflow_hidden_temple

Skill      XL: |  1  2  3 |
---------------+----------+-----
Earth Magic    | 3 |  3.6
Dodging        | 2 |  2.0
Stealth        | 2 |  2.1
Spellcasting   | 3 |  3.0
Maces & Flails | |  0.1
Transmutations | |  0.8

Action                   |  1- 3 |  4- 6 || total
-------------------------+-------+-------++-------
Melee: Spear             |     4 |       ||     4
       Trident           |    13 |       ||    13
       Flail             |     9 |       ||     9
 Cast: Sandblast         |    52 |     3 ||    55
  Use: Potion            |     1 |     1 ||     2
       Scroll            |     2 |       ||     2
 Stab: Sleeping          |     6 |       ||     6
Armor: Robe              |    12 |       ||    12
       Leather armour    |     2 |       ||     2
Dodge: Dodged            |    31 |     2 ||    33
